 Dungeon Sprint DCSS version 0.20.1-1-g8b1a95d (webtiles) character file.

3686 KingStallion the Nimble (level 9, 0/75 HPs)
             Began as a Demonspawn Gladiator on Oct 16, 2017.
             Was an Elder of Makhleb.
             Slain by a green death (15 damage)
             ... summoned by the player character
             ... in the Dungeon (Sprint V: "Ziggurat Sprint").
             The game lasted 00:12:49 (799 turns).

KingStallion the Nimble (Demonspawn Gladiator)       Turns: 799, Time: 00:12:49

Health: 0/75       AC: 29    Str: 30    XL:     9   Next: 90%
Magic:  9/9        EV:  7    Int:  9    God:    Makhleb [****..]
Gold:   0          SH: 38    Dex: 15    Spells: 8/8 levels left

rFire    . . .     SeeInvis .   a - +6 shillelagh "Devastator" {shatter}
rCold    . . .     Gourm    .   K - +18 shield of the Gong {rElec rN+ MR+ EV-5}
rNeg     + . .     Faith    .   J - +15 Maxwell's patent armour {-Cast -Tele rElec MR+ rCorr}
rPois    .         Spirit   .   M - +0 helmet
rElec    +         Reflect  .   (no cloak)
rCorr    +         Harm     .   (no gloves)
MR       ++...     NoTele   +   (no boots) Stlth ..........NoCast +
                                (no amulet)
Regen    0.3/turn               G - +6 ring of strength
MPRegen  0.2/turn               H - +6 ring of strength

@: lethally poisoned (0 -> -67)
A: claws 1, large bone plates 3, powered by pain 1, spiny 1
a: Minor Destruction, Lesser Servant of Makhleb, Major Destruction, Renounce
Religion


You were in the Dungeon.
You worshipped Makhleb.
Makhleb was greatly pleased with you.
You were not hungry.

You visited 1 branch

Inventory:

Hand Weapons
 a - the +6 shillelagh "Devastator" (weapon) {shatter}
   (You found it in the Dungeon)
 b - the +9 sword of Zonguldrok {reap}
   (You found it in the Dungeon)

   If a monster killed with it leaves a corpse in good enough shape, the corpse
   will be animated as a zombie friendly to the killer.
Missiles
 c - 3 throwing nets (quivered)
Armour
 J - the +15 Maxwell's patent armour (worn) {-Cast -Tele rElec MR+ rCorr}
   (You found it in the Dungeon)

   It insulates you from electricity.
   It affects your resistance to hostile enchantments.
   It prevents spellcasting.
   It prevents most forms of teleportation.
   It protects you from acid and corrosion.
 K - the +18 shield of the Gong (worn) {rElec rN+ MR+ EV-5}
   (You found it in the Dungeon)

   It affects your evasion (-5).
   It insulates you from electricity.
   It protects you from negative energy.
   It affects your resistance to hostile enchantments.
 M - a +0 helmet (worn)
Jewellery
 G - a +6 ring of strength (left claw)
 H - a +6 ring of strength (right claw)
Wands
 y - a wand of disintegration (7/24)
 z - a wand of iceblast (5/15)
 A - a wand of lightning (5/15)
 B - a wand of acid (5/15)
Scrolls
 j - 4 scrolls of blinking
 q - 4 scrolls of amnesia
 r - 3 scrolls of recharging
 s - 7 scrolls of fog
 t - 5 scrolls of identify
 u - 5 scrolls of remove curse
 v - 2 scrolls of fear
Potions
 e - 6 potions of curing
 f - 6 potions of heal wounds
 g - 6 potions of haste
 h - 7 potions of magic
 i - 3 potions of berserk rage
 k - 2 potions of brilliance
 l - 2 potions of invisibility
 m - 3 potions of resistance
 n - a potion of experience
 o - 5 potions of agility
 p - 5 potions of might
Miscellaneous
 C - a lamp of fire
 D - a box of beasts
 I - a lightning rod (4/4)
Comestibles
 d - 5 bread rations
 w - 42 fruits
 x - 4 meat rations


   Skills:
 * Level 8.9 Fighting
 * Level 6.1 Maces & Flails
 + Level 5.6 Throwing
 * Level 7.4 Armour
 + Level 10.9 Dodging
 + Level 7.2 Shields
 + Level 10.6 Unarmed Combat
 + Level 1.1 Invocations


You had 8 spell levels left.
You didn't know any spells.

Dungeon Overview and Level Annotations

Branches:
Dungeon (1/1)

Altars:
Ashenzari
Cheibriados
Dithmenos
Elyvilon
Fedhas
Gozag
Hepliaklqana
Kikubaaqudgha
Makhleb
Nemelex Xobeh
Okawaru
Qazlal
Ru
Sif Muna
Trog
Uskayaw
Vehumet
Xom
Yredelemnul
Zin
The Shining One
Beogh
Jiyva
Lugonu

Annotations:
D 1 transporter


Innate Abilities, Weirdness & Mutations

You have sharp fingernails.
You are completely covered in large bone plates. (SH +8)
You sometimes gain a little power by taking damage.
You are partially covered in sharp spines.


Message History

The green death is severely wounded.
You are engulfed in poison gas.
You are more poisoned.
* * * LOW HITPOINT WARNING * * *
x2 You feel very sick.
You block the vampiric short sword's attack.
PANG!
The trident of distortion hits you but does no damage.
You block the green death's attack.
GONNNNG!
You feel much better.
You are engulfed in poison gas.
You are more poisoned.
* * * LOW HITPOINT WARNING * * *
x2 You feel very sick.
The vampiric short sword hits you but does no damage.
You block the trident of distortion's attack.
GONNNNG!
The vampiric short sword hits you but does no damage.
The green death hits you!
You die...

▓..8©8..▓
▓..:=)..▓
▓..}")..▓
▓e......▓
▓.......▓
▓.......▓
▓e§§....▓
▓2▓(..▓.▓
▓@(.§...▓
▓▓▓▓▓▓▓▓▓


You could see a green death, a deep elf archer, a deep elf mage and 2 dancing
weapons.

Vanquished Creatures
  2 dancing weapons (D)
  2 deep elf magi (D)
  5 spriggans (D)
  3 water elementals (D)
  A golden eye (D)
  A black bear (D)
  A wolf (D)
  A necrophage (D)
  A wight (D)
  An ooze (D)
  A bat skeleton (D)
  A quokka skeleton (D)
20 creatures vanquished.

Notes
Turn   | Place    | Note
-------+----------+-------------------------------------------
     0 | D        | KingStallion the Demonspawn Gladiator began the quest for the Orb.
     0 | D        | Reached XP level 1. HP: 16/16 MP: 1/1
     0 | D        | Found a blossoming altar of Fedhas.
     1 | D        | Found a transporter.
     1 | D        | Found a viscous altar of Jiyva.
     1 | D        | Found an ancient bone altar of Kikubaaqudgha.
     1 | D        | Found a hazy altar of Hepliaklqana.
     1 | D        | Found a corrupted altar of Lugonu.
     1 | D        | Found an opulent altar of Gozag.
     1 | D        | Found a burning altar of Makhleb.
     5 | D        | Found a stormy altar of Qazlal.
     5 | D        | Found an iron altar of Okawaru.
     5 | D        | Found a sacrificial altar of Ru.
     5 | D        | Found a sparkling altar of Nemelex Xobeh.
     5 | D        | Found a deep blue altar of Sif Muna.
     5 | D        | Found a bloodstained altar of Trog.
   212 | D        | Became a worshipper of Makhleb the Destroyer
   222 | D        | Entered arena 2.
   222 | D        | Noticed a golden eye
   222 | D        | Found a transporter.
   494 | D        | Killed a golden eye
   494 | D        | Reached skill level 1 in Armour
   494 | D        | Gained mutation: You have sharp fingernails. [demonic ancestry]
   494 | D        | Reached XP level 2. HP: 25/25 MP: 2/2
   494 | D        | Gained mutation: You are partially covered in sharp spines. [demonic ancestry]
   494 | D        | Reached XP level 3. HP: 30/30 MP: 3/3
   494 | D        | Gained mutation: You are partially covered in large bone plates. (SH +4) [demonic ancestry]
   494 | D        | Reached XP level 4. HP: 37/37 MP: 4/4
   494 | D        | Gained mutation: You sometimes gain a little power by taking damage. [demonic ancestry]
   494 | D        | Reached XP level 5. HP: 42/42 MP: 5/5
   505 | D        | Entered arena 3.
   505 | D        | Noticed a black bear
   505 | D        | Noticed a wolf
   505 | D        | Noticed a spriggan
   505 | D        | Found a transporter.
   508 | D        | Killed a wolf
   508 | D        | Reached * piety under Makhleb
   508 | D        | Reached skill level 1 in Maces & Flails
   508 | D        | Killed a spriggan
   508 | D        | Reached skill level 5 in Fighting
   508 | D        | Gained mutation: You are mostly covered in large bone plates. (SH +6) [demonic ancestry]
   508 | D        | Reached XP level 6. HP: 51/51 MP: 6/6
   520 | D        | Entered arena 4.
   520 | D        | Noticed a spriggan
   520 | D        | Noticed a spriggan
   520 | D        | Noticed a spriggan
   520 | D        | Noticed a spriggan
   520 | D        | Found a transporter.
   523 | D        | Killed a spriggan
   523 | D        | Reached ** piety under Makhleb
   523 | D        | Reached XP level 7. HP: 56/56 MP: 7/7
   524 | D        | Killed a spriggan
   535 | D        | Killed a spriggan
   535 | D        | Reached skill level 5 in Throwing
   535 | D        | Reached skill level 1 in Shields
   535 | D        | Killed a spriggan
   535 | D        | Gained mutation: You are completely covered in large bone plates. (SH +8) [demonic ancestry]
   535 | D        | Reached XP level 8. HP: 63/64 MP: 8/8
   545 | D        | Entered arena 5.
   545 | D        | Found a transporter.
   548 | D        | Reached *** piety under Makhleb
   549 | D        | Reached skill level 10 in Dodging
   556 | D        | Entered arena 6.
   556 | D        | Noticed a halberd of venom
   556 | D        | Noticed a deep elf mage
   556 | D        | Noticed a deep elf mage
   556 | D        | Noticed a war axe of chopping
   556 | D        | Found a transporter.
   567 | D        | Reached **** piety under Makhleb
   567 | D        | Reached skill level 10 in Unarmed Combat
   567 | D        | Killed a deep elf mage
   567 | D        | Reached skill level 5 in Armour
   568 | D        | Killed a deep elf mage
   568 | D        | Reached skill level 5 in Shields
   568 | D        | Reached XP level 9. HP: 45/72 MP: 9/9
   571 | D        | Killed a war axe of chopping
   571 | D        | Reached skill level 5 in Maces & Flails
   585 | D        | Killed a halberd of venom
   585 | D        | Reached ***** piety under Makhleb
   774 | D        | Entered arena 7.
   774 | D        | Noticed a trident of distortion
   774 | D        | Noticed a deep elf mage
   774 | D        | Noticed a vampiric short sword
   774 | D        | Noticed a deep elf archer
   775 | D        | Noticed a green death
   779 | D        | Found a transporter.
   786 | D        | Reached skill level 1 in Invocations
   798 | D        | HP: 2/75 [poisoned by a green death (poison gas)]
   799 | D        | Slain by a green death

Skill      XL: |  1  2  3  4  5  6  7  8  9 |
---------------+----------------------------+-----
Dodging        | 6 8 9 10 | 10.9
Unarmed Combat | 6 8 9 10 | 10.6
Fighting       | 3 5 6 7 8 |  8.9
Throwing       | 3 4 5 |  5.6
Armour         | 1 2 3 5 7 |  7.4
Maces & Flails | 2 3 4 6 |  6.1
Shields        | 2 5 7 |  7.2
Invocations    | 1 |  1.1

Action                   |  1- 3 |  4- 6 |  7- 9 || total
-------------------------+-------+-------+-------++-------
Melee: Shillelagh        |    39 |     5 |    50 ||    94
Invok: Greater Servant o |       |       |     1 ||     1
Evoke: Lamp of fire      |       |       |     1 ||     1
  Use: Potion            |     2 |       |     7 ||     9
Armor: Plate armour      |     8 |     2 |    38 ||    48
Dodge: Dodged            |       |     1 |    10 ||    11
Block: Shield            |       |    10 |   147 ||   157
